 Dungeon Crawl Stone Soup version 0.22-a0-538-g76cc104 (webtiles) character file.

21 inc the Chiller (level 2, 0/17 HPs)
             Began as an Octopode Ice Elementalist on June 23, 2018.
             Slain by a worm (9 damage)
             ... on level 2 of the Dungeon.
             The game lasted 00:01:19 (1541 turns).

inc the Chiller (Octopode Ice Elementalist)         Turns: 1541, Time: 00:01:20

Health: 0/17       AC:  1    Str:  7    XL:     2   Next: 83%
Magic:  3/5        EV: 13    Int: 17    God:
Gold:   43         SH:  0    Dex: 12    Spells: 4/5 levels left

rFire    . . .     SeeInvis .   (no weapon)
rCold    . . .     Gourm    .   (no shield)
rNeg     . . .     Faith    .   (helmet restricted)
rPois    .         Spirit   .   (no amulet)
rElec    .         Reflect  .   (no ring)
rCorr    .         Harm     .   (no ring)
MR       .....                  (no ring)
Stlth    +++.......             (no ring)
HPRegen  0.05/turn              (no ring)
MPRegen  0.09/turn              (no ring)
                                (no ring)
                                (no ring)

@: very slightly contaminated
A: almost no armour, stealthy swim, amphibious, 8 rings, constrict 8, camouflage
1, gelatinous body 1
a: no special abilities


You were on level 2 of the Dungeon.
You were not hungry.

You visited 1 branch of the dungeon, and saw 2 of its levels.

You collected 43 gold pieces.

Inventory:

Jewellery
 d - an uncursed ring of fire
Scrolls
 a - 3 scrolls of identify {unknown}
Potions
 c - a potion of heal wounds {unknown}
 e - a potion of mutation {unknown}
 f - a potion of haste {unknown}
Comestibles
 b - 2 rations


   Skills:
 - Level 2.0 Dodging
 - Level 2.6 Stealth
 - Level 2.0 Spellcasting
   Level 1.0 Conjurations
 + Level 4.0 Ice Magic


You had 4 spell levels left.
You knew the following spells:

 Your Spells              Type           Power        Failure   Level  Hunger
a - Freeze                Ice            ###.         3%          1    #......

Your spell library contained the following spells:

 Spells                   Type           Power        Failure   Level  Hunger
 Throw Frost              Conj/Ice       ##....       11%         2    ###....
 Summon Ice Beast         Ice/Summ       #.......     63%         4    #####..
 Ozocubu's Armour         Chrm/Ice       #.......     26%         3    ###....
 Throw Icicle             Conj/Ice       ##......     56%         4    #####..


Dungeon Overview and Level Annotations

Branches:
Dungeon (2/15)

Altars:


Innate Abilities, Weirdness & Mutations

You cannot wear most types of armour.
You are very stealthy in the water. (Stealth+)
You are amphibious.
You can wear up to eight rings at the same time.
You can use your tentacles to constrict eight enemies at once.
Your skin changes colour to match your surroundings (Stealth+).
Your rubbery body absorbs attacks. (AC +1, EV +1)


Message History

Press: ? - help, Shift-Dir - straight line, f - worm
Aim: a worm (lightly wounded, constricted by you)
You miscast Freeze.
You are very lightly contaminated with residual magic.
Nothing appears to happen.
The goblin shouts!
You constrict the worm.
You hear an angry hiss.
The worm closely misses you.
The kobold throws a stone.
The stone closely misses you.
Casting: Freeze (safe; 3% risk of failure)
Confirm with . or Enter, or press ? or * to list all spells.
Aiming: Freeze (safe; 3% risk of failure)
Press: ? - help, Shift-Dir - straight line, f/p - worm
Aim: a worm (lightly wounded, constricted by you)
You freeze the worm.
The worm is moderately wounded.
You constrict the worm. The worm bites you!
Ouch! That really hurt!
You die...

### ## #..
.. .K. ..
#.##.
##[#. ...
##.####..#
#.@.......
#w########
#. ##


You could see a worm and a kobold.

Vanquished Creatures
  An ooze (D:1)
  A goblin (D:1)
  3 hobgoblins (D:1)
  3 jackals (D:1)
  3 bats (D:1)
  A frilled lizard (D:1)
  A kobold (D:1)
  4 rats (D:1)
17 creatures vanquished.

Notes
Turn   | Place    | Note
-------+----------+-------------------------------------------
     0 | D:1      | inc the Octopode Ice Elementalist began the quest for the Orb.
     0 | D:1      | Reached XP level 1. HP: 11/11 MP: 3/3
   254 | D:1      | Reached XP level 2. HP: 2/17 MP: 0/5
  1100 | D:1      | Reached skill level 4 in Ice Magic
  1541 | D:2      | Slain by a worm

Vault maps used:
D:1:      ncdulo_halloftheorcs, lemuel_flame_loot_1
D:2:      hangedman_decor_riveting

Skill      XL: |  1  2 |
---------------+-------+-----
Ice Magic      | 4 |  4.0
Dodging        | |  2.0
Stealth        | |  2.6
Spellcasting   | |  2.0
Conjurations   | |  1.0

Action                   || total
-------------------------++-------
Melee: Unarmed           ||    28
       Tentacles         ||     3
       Constrict         ||     8
 Cast: Freeze            ||    21
 Stab: Sleeping          ||     1
  Eat: Ration            ||     1
Armor: Skin              ||     5
Dodge: Dodged            ||    35

Table legend:
 A = Spawn XP
 B = Non-spawn XP
 C = Spawn XP percentage of total XP
 D = Spawn monster count
 E = Non-spawn monster count
 F = Spawn count percentage of total count
 G = Total turns spent on level
                    A         B        C        D         E        F      G
               +---------+---------+-------+---------+---------+-------+---------
         Total |       0 |      30 |   0.0 |       0 |      17 |   0.0 |  1541
               +---------+---------+-------+---------+---------+-------+---------
           D:1 |       0 |      30 |   0.0 |       0 |      17 |   0.0 |  1536
               +---------+---------+-------+---------+---------+-------+---------
